 Dungeon Crawl Stone Soup version 0.32-a0-422-g28b100f618 (webtiles) character file.

Game seed: 7337244812428990753

205 BoggartHarbringer the Caller (level 5, 0/28 HPs)
             Began as a Deep Elf Summoner on Feb 21, 2024.
             Slain by Jessica
             ... wielding a +6 club
              (10 damage)
             ... on level 3 of the Dungeon.
             The game lasted 00:03:55 (2973 turns).

BoggartHarbringer the Caller (Deep Elf Summoner)    Turns: 2973, Time: 00:03:56

Health: 0/28       AC:  2    Str:  5    XL:     5   Next: 53%
Magic:  13/15      EV: 12    Int: 22    God:
Gold:   113        SH:  0    Dex: 15    Spells: 11/15 levels left

rFire   . . .        g - +0 dagger (elec)
rCold   . . .        (no shield)
rNeg    . . .        a - +0 robe
rPois   .            (no helmet)
rElec   .            (no cloak)
rCorr   .            (no gloves)
SInv    .            (no boots)
Will    .....        (no amulet)
Stlth   ++           (no ring)
HPRegen 0.24/turn    (no ring)
MPRegen 0.14/turn

%: no passive effects
@: inugami summoned
A: no striking features
a: no special abilities


You were on level 3 of the Dungeon.
You visited 1 branch of the dungeon, and saw 3 of its levels.

You collected 113 gold pieces.

Inventory:

Hand Weapons
 g - a +0 dagger of electrocution (weapon)
Armour
 a - a +0 robe (worn)
 m - the +0 robe of Vexation {Rampage rElec rC+ rN+}
   (You found it on level 2 of the Dungeon)

   rC+:       It protects you from cold.
   rElec:     It insulates you from electricity.
   rN+:       It protects you from negative energy.
   Rampage:   It bestows one free step when moving towards enemies.
 p - a +0 cloak
Scrolls
 d - a scroll of identify {unknown}
 e - 2 scrolls of noise {unknown}
 f - a scroll of enchant weapon {unknown}
 h - 2 scrolls of fog {unknown}
 j - 2 scrolls of amnesia {unknown}
 k - a scroll of butterflies {unknown}
 l - a scroll of teleportation {unknown}
Potions
 b - 2 potions of magic
 c - a potion of enlightenment {unknown}
 i - a potion of cancellation {unknown}
 n - a potion of curing {unknown}
 o - a potion of might {unknown}


   Skills:
 - Level 2.4 Dodging
 - Level 2.4 Stealth
 + Level 5.9 Spellcasting
 + Level 6.1 Summonings


You had 11 spell levels left.
You knew the following spells:

 Your Spells              Type           Power      Damage    Failure   Level
c - Call Canine Familiar  Summ           33%        N/A       2%          3
s - Summon Small Mammal   Summ           100%       N/A       1%          1

Your spell library contained the following spells:

 Spells                   Type           Power      Damage    Failure   Level
 Call Imp                 Summ           66%        N/A       1%          2
 Summon Blazeheart Golem  Fire/Summ      20%        N/A       26%         4
 Summon Lightning Spire   Summ/Air       20%        N/A       26%         4


Dungeon Overview and Level Annotations

Branches:
Dungeon (3/15)

Altars:

Shops:
D:2 :

Annotations:
D:2 1 runed translucent door, Crazy Yiuf
D:3 Jessica


Message History

The rat misses you.
You closely miss the rat. The rat closely misses you.
You completely miss the rat. The rat bites you.
You swap places.
The rat twitches its whiskers.
The rat barely misses your inugami.
Your inugami hits the rat!
The rat dies!
You swap places.
Found a mace.
Your inugami disappears in a puff of smoke!
Found a stone staircase leading down.
You open the door.
Found a stone staircase leading down.
There is an open door here.
You open the door.
There is an open door here.
Key pressed, stopping explore.
You now have 113 gold pieces (gained 15).
A bat comes into view.
A bat is nearby!
You call for your canine familiar and it appears with a howl!
The bat barely misses your inugami. The bat closely misses your inugami.
Your inugami hits the bat!
The bat dies!
Jessica the Apprentice Sorceress comes into view.
She is wielding a +6 club and wearing a +2 robe of positive energy.
Jessica shouts!
Jessica mumbles some strange words.
Jessica seems to speed up.
Jessica hits you with a +6 club.
You hit Jessica but do no damage. Jessica hits you with a +6 club.
Jessica hits you with a +6 club!
You are too injured to fight recklessly!
Unknown command.
Casting: Call Canine Familiar (dangerous; 2% risk of failure)
Confirm with . or Enter, or press ? or * to list all spells.
Jessica barely misses you.
Your inugami barely misses Jessica.
Casting: Summon Small Mammal (safe; 1% risk of failure)
Confirm with . or Enter, or press ? or * to list all spells.
Jessica hits you with a +6 club!
You die...

#. .########### #.
...........# ..
.###†##.##.# .#
#.##.# #.# #.##.#
###r.##.##
#..#.###.hr......
##.#.....@@......
#.###.#.+########+..
+## #.......#
..#######...# .>.##
#.#.# ....## #...#
.....####...#
.....'......#
.....##.###.#


You could see Jessica (fast, ally target), 2 friendly quokkas and a friendly
inugami (summoned).

Vanquished Creatures
  Terence (D:3)
  A gnoll (D:2)
  3 giant cockroaches
  2 goblins (D:2)
  A kobold (D:1)
  A rat (D:1)
9 creatures vanquished.

Vanquished Creatures (collateral kills)
  Natasha (thrice) (D:2)
  3 gnolls (D:2)
  A ribbon worm (D:2)
  A dart slug (D:1)
  2 bats
  2 endoplasms
  A giant cockroach (D:1)
  3 goblins
  3 hobgoblins (D:1)
  2 jackals (D:1)
  2 kobolds (D:1)
  A quokka (D:1)
  3 ball pythons
  2 frilled lizards
  A rat (D:3)
30 creatures vanquished.

Grand Total: 39 creatures vanquished

Notes
Turn   | Place    | Note
-------+----------+-------------------------------------------
     0 | D:1      | BoggartHarbringer the Deep Elf Summoner began the quest for
                  | the Orb.
     0 | D:1      | Reached XP level 1. HP: 10/10 MP: 6/6
    70 | D:1      | Reached XP level 2. HP: 11/15 MP: 3/8
   724 | D:1      | Reached skill level 5 in Summonings
   724 | D:1      | Reached XP level 3. HP: 19/19 MP: 7/10
  1085 | D:2      | Noticed Natasha
  1095 | D:1      | Learned a level 3 spell: Call Canine Familiar
  1188 | D:2      | Killed Natasha
  1189 | D:2      | Reached XP level 4. HP: 24/24 MP: 6/12
  1269 | D:2      | Reached skill level 5 in Spellcasting
  1528 | D:2      | Identified the +0 robe of Vexation {Rampage rElec rC+ rN+}
  1625 | D:2      | Found Zasuecra's Book Shop.
  1708 | D:2      | Noticed Natasha
  1724 | D:2      | Killed Natasha
  1725 | D:2      | Reached XP level 5. HP: 8/28 MP: 9/14
  2213 | D:2      | Noticed Natasha
  2226 | D:2      | Killed Natasha
  2227 | D:2      | Reached skill level 6 in Summonings
  2389 | D:2      | Found a runed translucent door.
  2390 | D:2      | Noticed Crazy Yiuf
  2693 | D:3      | Noticed Terence
  2709 | D:3      | Killed Terence
  2966 | D:3      | Noticed Jessica
  2973 | D:3      | Slain by Jessica

Illustrated notes

Levels and vault maps discovered:
D:1:      mrwooster_arrival_statue_2, layout_loops_corners,
          minmay_misc_feat_plants, minmay_tromino_v4_a
D:2:      layout_loops_ring, serial_shops, nicolae_shop_crystal, moated_statue,
          minmay_misc_feat_tower, minmay_goblin_outpost,
          uniq_crazy_yiuf_cottage, uniq_natasha
D:3:      layout_loops_corners, minivault_11, uniq_terence, uniq_jessica,
          uniq_sigmund

Skill      XL: |  1  2  3  4  5 |
---------------+----------------+-----
Spellcasting   | 4 5 |  5.9
Summonings     | 5 6 |  6.1
Dodging        | |  2.4
Stealth        | |  2.4

Action                     |  1- 3 |  4- 6 || total
---------------------------+-------+-------++-------
  Melee: Unarmed           |    12 |       ||    12
         Dagger            |    13 |    20 ||    33
   Cast: Summon Small Mamm |    31 |    26 ||    57
         Call Canine Famil |     2 |    10 ||    12
   Stab: Sleeping          |     2 |       ||     2
         Distracted        |       |     2 ||     2
 Armour: Robe              |    19 |    22 ||    41
  Dodge: Dodged            |    17 |    26 ||    43

Table legend: (Time is in decaauts)
 A = Elapsed time spent in this place.
 B = Non-inter-level travel time spent in this place.
 C = Inter-level travel time spent in this place.
 D = Time resting spent in this place.
 E = Time spent auto-exploring this place.
 F = Levels seen in this place.
 G = Mean time per level.
                   A        B        C        D        E       F      G
               +--------+--------+--------+--------+--------+-----+--------+
         Total |   2978 |   2739 |    239 |    157 |   2215 |   3 |  992.7 |
       Dungeon |   2978 |   2739 |    239 |    157 |   2215 |   3 |  992.7 |
               +--------+--------+--------+--------+--------+-----+--------+

Top non-repeatable levels by time:
     D:2: 1549 daAuts
     D:1: 984 daAuts
     D:3: 444 daAuts
